[Event "Titled Tuesday Blitz March 28 Late 2023"]
[White "Urazayev, Arystanbek"]
[Black "Domingo Nunez, Alejandro"]
[WhiteFideId "13709810"]
[BlackFideId "22245561"]
[WhiteElo "2479"]
[BlackElo "2230"]
[Result "1-0"]
[Round "11"]
[TimeControl "180+2"]
[Date "2023.03.28"]
[WhiteClock "0:01:14"]
[BlackClock "0:00:36"]

1. e4 g6 2. d4 Bg7 3. Nf3 c6 4. c3 d5 5. Nbd2 dxe4 6. Nxe4 Nf6 7. Bd3 O-O 8. O-O Nbd7 9. Re1 Nxe4 10. Bxe4 e5 11. dxe5 Nxe5 12. Bf4 Nxf3+ 13. Qxf3 Be6 14. a4 Qb6 15. b4 a5 16. Be3 Qc7 17. Bf4 Qc8 18. b5 Bd5 19. Bxd5 cxd5 20. Qxd5 Qxc3 21. Rac1 Qb4 22. Bd6 Rfd8 23. Re8+ Rxe8 24. Bxb4 axb4 25. Qb3 Bc3 26. g3 Re4 27. Rd1 Re7 28. Kg2 Kg7 29. h4 h5 30. Rd6 Rc7 31. Rd3 Kh7 32. Re3 Kg7 33. Re2 Kh7 34. Ra2 Ra5 35. Qd5 Kg7 36. Qd8 Be5 37. Re2 b3 38. Rxe5 b2 39. Qxc7 b1=Q 40. Qxa5 1-0


[Site "https://www.chess.com"]

[Event "Titled Tuesday Blitz March 28 Late 2023"]
[White "Ozer, Omer Faruk"]
[Black "Flores, Diego"]
[WhiteFideId "6354564"]
[BlackFideId "108049"]
[WhiteElo "2260"]
[BlackElo "2606"]
[Result "0-1"]
[Round "11"]
[TimeControl "180+2"]
[Date "2023.03.28"]
[WhiteClock "0:00:03"]
[BlackClock "0:00:09"]

1. d4 Nf6 2. Nf3 e6 3. Bg5 h6 4. Bh4 d6 5. Nbd2 g5 6. Bg3 Nh5 7. e3 Bg7 8. Bd3 Nd7 9. Qe2 Qe7 10. a4 f5 11. Nc4 Ndf6 12. Nfd2 Bd7 13. c3 O-O 14. f3 Nxg3 15. hxg3 e5 16. dxe5 dxe5 17. e4 f4 18. gxf4 gxf4 19. Na5 b6 20. Bc4+ Kh8 21. Nab3 Be8 22. a5 Rd8 23. axb6 axb6 24. Qf2 Nh5 25. Qh4 Qxh4+ 26. Rxh4 Ng3 27. Ra7 b5 28. Be6 c6 29. Nc5 h5 30. Rh3 Bg6 31. Bd7 Ra8 32. Rxa8 Rxa8 33. Kd1 Ra1+ 34. Kc2 Rg1 35. Bxc6 Rxg2 36. Bxb5 Bf8 37. b4 Be7 38. Bd3 h4 39. Nd7 Bd6 40. b5 Be8 41. Nf6 Bf7 42. Rxh4+ Kg7 43. Nd5 Bc5 44. Rg4+ Kf8 45. Rg5 Be3 46. Rxe5 Rxd2+ 47. Kb3 Rxd3 48. Kc4 Rd1 49. Rg5 Ne2 0-1


[Site "https://www.chess.com"]

[Event "Titled Tuesday Blitz March 28 Late 2023"]
[White "Lamard, Guillaume"]
[Black "Feng, Eric"]
[WhiteFideId "600261"]
[BlackFideId "30952590"]
[WhiteElo "2413"]
[BlackElo "1785"]
[Result "0-1"]
[Round "11"]
[TimeControl "180+2"]
[Date "2023.03.28"]
[WhiteClock "0:00:09"]
[BlackClock "0:01:08"]

1. d4 Nf6 2. Bf4 e6 3. Nf3 d5 4. e3 c5 5. Nbd2 Nc6 6. c3 Bd6 7. Bb5 Bxf4 8. exf4 cxd4 9. Nxd4 Bd7 10. Bxc6 bxc6 11. b4 Qc7 12. Qf3 c5 13. bxc5 Qxc5 14. O-O O-O 15. Rfc1 Rfc8 16. N4b3 Qd6 17. c4 Bc6 18. c5 Qc7 19. Nd4 Rab8 20. N2b3 Bb5 21. Qe3 Bc4 22. c6 Rb6 23. h3 Ne4 24. Nd2 Nd6 25. Rab1 Bb5 26. N2f3 Bxc6 27. Rxb6 Qxb6 28. Qe5 Nc4 29. Qh5 Be8 30. Re1 Qc7 31. Qh4 Qd8 32. Qg4 Qf6 33. Ne5 Nd6 34. Qf3 Bb5 35. Rb1 Bc4 36. Qa3 Ne4 37. g3 a6 38. Qb4 g5 39. Qb7 Rf8 40. Nd7 Qxd4 41. Nxf8 Qxf2+ 42. Kh1 Nxg3# 0-1


[Site "https://www.chess.com"]

[Event "Titled Tuesday Blitz March 28 Late 2023"]
[White "Papasimakopoulos, Alexandros"]
[Black "Mekhane, Adam"]
[WhiteFideId "4244125"]
[BlackFideId "36050601"]
[WhiteElo "2359"]
[BlackElo "2177"]
[Result "1-0"]
[Round "11"]
[TimeControl "180+2"]
[Date "2023.03.28"]
[WhiteClock "0:00:51"]
[BlackClock "0:00:01"]

1. d4 Nf6 2. c4 g6 3. Nc3 Bg7 4. Bg5 O-O 5. e3 c5 6. d5 d6 7. Bd3 h6 8. Bh4 a6 9. a4 Nbd7 10. f4 e6 11. dxe6 fxe6 12. Bxg6 Nb6 13. b3 d5 14. a5 Nbd7 15. cxd5 e5 16. f5 e4 17. Nge2 Qe7 18. O-O Ne5 19. Nf4 Neg4 20. Qxg4 Nxg4 21. Bxe7 Bxc3 22. Bxf8 Bxa1 23. Bxc5 Be5 24. h3 Nf6 25. Rd1 Bxf4 26. exf4 Bd7 27. b4 Re8 28. Kf2 Bb5 29. Ke3 Bc4 30. d6 Nd5+ 31. Rxd5 Bxd5 32. d7 Rd8 33. Be8 Bc6 34. Bb6 Rxd7 35. Bxd7 Bxd7 36. g4 Bc6 37. h4 Kf7 38. g5 hxg5 39. fxg5 Bd5 40. Kf4 Bc6 41. g6+ Kf6 42. Bd4+ Ke7 43. h5 Be8 44. h6 1-0


[Site "https://www.chess.com"]

[Event "Titled Tuesday Blitz March 28 Late 2023"]
[White "Vachier-Lagrave, Maxime"]
[Black "Kavutskiy, Konstantin"]
[WhiteFideId "623539"]
[BlackFideId "2026384"]
[WhiteElo "2740"]
[BlackElo "2369"]
[Result "1-0"]
[Round "11"]
[TimeControl "180+2"]
[Date "2023.03.28"]
[WhiteClock "0:01:27"]
[BlackClock "0:00:04"]

1. e4 c5 2. Nf3 Nc6 3. Bb5 g6 4. O-O Bg7 5. c3 Nf6 6. Qa4 Qc7 7. d4 O-O 8. dxc5 Ne5 9. Nxe5 Qxe5 10. Nd2 Qxc5 11. Bd3 d6 12. h3 Bd7 13. Qd1 Bc6 14. Nb3 Qh5 15. Qxh5 Nxh5 16. Na5 Nf6 17. Nxc6 bxc6 18. Be3 Nd7 19. Rfd1 Rfb8 20. Rd2 Kf8 21. Rad1 a5 22. f4 a4 23. a3 Bh6 24. g4 f6 25. h4 Rb7 26. g5 Bg7 27. Rf2 Rab8 28. Rdd2 Ke8 29. Ba6 Rc7 30. Bc4 Rcb7 31. Kg2 Nf8 32. Kg3 Kd7 33. Be2 Kc7 34. Bd1 Ra8 35. Bg4 Rab8 36. Bd1 Ra8 37. Rd4 fxg5 38. Rxa4 gxh4+ 39. Kxh4 Rxa4 40. Bxa4 Ne6 41. Bd1 Bf6+ 42. Kg3 h5 43. Rg2 Rb8 44. Kh3 c5 45. a4 Rg8 46. Bb3 Kd7 47. f5 Ng5+ 48. Bxg5 Rb8 49. Be6+ 1-0


[Site "https://www.chess.com"]

[Event "Titled Tuesday Blitz March 28 Late 2023"]
[White "Sochacki, Christophe"]
[Black "Ibarra Jerez, Jose Carlos"]
[WhiteFideId "662569"]
[BlackFideId "2226332"]
[WhiteElo "2474"]
[BlackElo "2638"]
[Result "0-1"]
[Round "11"]
[TimeControl "180+2"]
[Date "2023.03.28"]
[WhiteClock "0:00:02"]
[BlackClock "0:00:22"]

1. e4 c5 2. Nf3 e6 3. d4 cxd4 4. Nxd4 Bc5 5. Nb3 Bb6 6. c4 Ne7 7. Nc3 O-O 8. c5 Bc7 9. Be2 f5 10. O-O f4 11. Nb5 Be5 12. Nd6 Nbc6 13. Nd2 b6 14. N2c4 bxc5 15. Nxe5 Nxe5 16. Bd2 N7c6 17. Rc1 Qe7 18. Bc3 f3 19. gxf3 a5 20. Bxe5 Nxe5 21. Rxc5 Ng6 22. Re1 Ba6 23. e5 Nf4 24. Ne4 Bxe2 25. Rxe2 Qh4 26. Rd2 Rf5 27. Rdc2 h6 28. Rc8+ Rxc8 29. Rxc8+ Kh7 30. Qxd7 Qh3 0-1


[Site "https://www.chess.com"]

[Event "Titled Tuesday Blitz March 28 Late 2023"]
[White "Pakleza, Zbigniew"]
[Black "Freitag, Manfred"]
[WhiteFideId "1119290"]
[BlackFideId "1602004"]
[WhiteElo "2410"]
[BlackElo "2275"]
[Result "1-0"]
[Round "11"]
[TimeControl "180+2"]
[Date "2023.03.28"]
[WhiteClock "0:00:08"]
[BlackClock "0:00:46"]

1. Nf3 d5 2. c4 e6 3. g3 Nf6 4. Bg2 Be7 5. O-O O-O 6. b3 c6 7. Bb2 Nbd7 8. d4 b6 9. Nbd2 Bb7 10. Qc2 c5 11. Rad1 Rc8 12. Qb1 Qc7 13. cxd5 exd5 14. dxc5 bxc5 15. Nh4 Rfe8 16. Nf5 Bf8 17. Rfe1 g6 18. Nh4 Bg7 19. Rc1 Qb6 20. h3 Ba6 21. e4 d4 22. f4 Qa5 23. Nc4 Bxc4 24. Rxc4 Nb6 25. Rcc1 Nh5 26. Kh2 c4 27. bxc4 Nxc4 28. e5 d3 29. Bc3 Qd8 30. Rcd1 d2 31. Re4 f5 32. Rd4 Qb6 33. Bd5+ Kh8 34. Bxc4 Qc6 35. Qd3 g5 36. Nxf5 gxf4 37. gxf4 Rxe5 38. Rd8+ Re8 39. Rxe8+ Rxe8 40. Nxg7 Nxg7 41. Bxg7+ Kxg7 42. Qd4+ Kh6 43. Rxd2 Re1 44. Qd6+ Qxd6 45. Rxd6+ Kh5 46. Bf7+ Kh4 47. Rh6# 1-0


[Site "https://www.chess.com"]

[Event "Titled Tuesday Blitz March 28 Late 2023"]
[White "Smirnov, Pavel"]
[Black "Gold_Ocean"]
[WhiteFideId "4123425"]
[WhiteElo "2519"]
[BlackElo "2613"]
[Result "0-1"]
[Round "11"]
[TimeControl "180+2"]
[Date "2023.03.28"]
[WhiteClock "0:02:01"]
[BlackClock "0:01:56"]

1. d4 Nf6 2. c4 g6 3. g3 Bg7 4. Nf3 O-O 5. Bg2 d6 6. O-O c5 7. Nc3 Nc6 8. dxc5 dxc5 9. Bf4 Nh5 10. Be3 b6 11. Qc1 Bb7 12. Rd1 Qc8 13. Nd5 e6 14. Nc3 Nf6 15. Ng5 Ng4 16. Bf4 Nd4 17. e3 Nc6 18. Nb5 e5 19. Nd6 Qc7 20. Nxb7 Qxb7 21. h3 exf4 22. hxg4 fxg3 23. Rd8 0-1


[Site "https://www.chess.com"]

[Event "Titled Tuesday Blitz March 28 Late 2023"]
[White "Adewumi, Tanitoluwa"]
[Black "Poliakova, Varvara"]
[WhiteFideId "30966396"]
[BlackFideId "13518313"]
[WhiteElo "2737"]
[BlackElo "2075"]
[Result "0-1"]
[Round "11"]
[TimeControl "180+2"]
[Date "2023.03.28"]
[WhiteClock "0:01:00"]
[BlackClock "0:02:03"]

1. e4 e5 2. Nc3 Nf6 3. Bc4 Nxe4 4. Qh5 Nd6 5. Bb3 Nc6 6. Nb5 g6 7. Qf3 f5 8. Qd5 Qe7 9. Nxc7+ Kd8 10. Nxa8 b6 11. d3 Bb7 12. h4 h6 13. Nxb6 axb6 14. Qf3 Nd4 15. Qg3 f4 16. Qxg6 Kc7 17. f3 Rh7 18. Rh2 Rg7 19. Qh5 Ne8 20. Ne2 Nf6 21. Nxd4 exd4+ 0-1


[Site "https://www.chess.com"]

[Event "Titled Tuesday Blitz March 28 Late 2023"]
[White "Herrera Reyes, Jose Antonio"]
[Black "Dobre, Claudiu-Cristian"]
[WhiteFideId "2274914"]
[BlackFideId "1211854"]
[WhiteElo "2273"]
[BlackElo "2207"]
[Result "1-0"]
[Round "11"]
[TimeControl "180+2"]
[Date "2023.03.28"]
[WhiteClock "0:00:17"]
[BlackClock "0:00:03"]

1. Nf3 d6 2. g3 f5 3. Bg2 e5 4. d3 Nf6 5. Nc3 Nc6 6. h4 Be7 7. h5 O-O 8. Bg5 Ng4 9. Bxe7 Nxe7 10. Qd2 c5 11. h6 Nxh6 12. Rxh6 gxh6 13. O-O-O f4 14. Rh1 Ng6 15. Rxh6 Kg7 16. Rh1 Be6 17. Ne4 h6 18. Bh3 Qd7 19. Bxe6 Qxe6 20. Kb1 b6 21. gxf4 Nxf4 22. Ng3 Rf7 23. Nh4 Rg8 24. e4 Kf8 25. Nhf5 Rg6 26. a4 a5 27. Qc3 Rh7 28. Nh4 Rg5 29. Ngf5 h5 30. Qd2 Rg4 31. f3 Rg8 32. d4 cxd4 33. Nxd4 exd4 34. Qxf4+ Rf7 35. Nf5 Rh8 36. Qd2 Qe5 37. Qg5 Qf6 38. Qg3 h4 39. Nxh4 Ke8 40. Qg4 Kd8 41. e5 dxe5 42. Qe4 Kc7 43. Qd5 Rfh7 44. Re1 Rxh4 45. Rxe5 R8h7 46. Re6 Qd8 47. Rc6+ Kb7 48. Rd6+ Ka7 49. Rxd8 Rb7 50. Rd7 Rh7 51. Rd8 Rhf7 52. Qe4 Rfe7 53. Qxd4 Rbc7 54. f4 Rc5 55. Rd6 Rec7 56. c3 Rf5 57. Qxb6+ 1-0


[Site "https://www.chess.com"]

[Event "Titled Tuesday Blitz March 28 Late 2023"]
[White "Grebeniuk, Semen"]
[Black "Escalona Landi, Samid Eduardo"]
[WhiteFideId "14117509"]
[BlackFideId "3937437"]
[WhiteElo "2266"]
[BlackElo "2207"]
[Result "0-1"]
[Round "11"]
[TimeControl "180+2"]
[Date "2023.03.28"]
[WhiteClock "0:00:02"]
[BlackClock "0:00:52"]

1. d4 Nf6 2. Nf3 e6 3. Bg5 h6 4. Bxf6 Qxf6 5. e4 d5 6. Nbd2 Qd8 7. Bd3 c5 8. exd5 exd5 9. dxc5 Bxc5 10. O-O O-O 11. Nb3 Bb6 12. h3 Nc6 13. c3 Qf6 14. Bb5 Rd8 15. Qd3 Bf5 16. Qd1 Be4 17. Bxc6 bxc6 18. Nfd4 c5 19. Ne2 d4 20. cxd4 cxd4 21. Ng3 Bg6 22. Nd2 d3 23. Nc4 d2 24. Nxb6 Qxb6 25. Qg4 Qxb2 26. Rad1 Rd4 27. Qf3 Rad8 28. Nf5 Bxf5 29. Qxf5 Qxa2 30. Ra1 Qd5 31. Qxd5 R4xd5 32. Rfd1 a5 33. Kf1 Kf8 34. Ke2 Re5+ 35. Kf1 Ke7 36. Ra2 Red5 37. Ke2 h5 38. h4 g6 39. g3 R8d6 40. Ra4 Kd7 41. Rf4 f5 42. Rc4 Rc6 43. Ra4 Rcd6 44. Rc4 Rd4 45. Rc5 a4 46. Ra5 Ke6 47. f3 Kf6 48. Ra8 Re6+ 49. Kf2 Rb6 50. Ke3 Rbd6 51. Rf8+ Ke7 52. Ra8 Rd3+ 53. Ke2 a3 54. Ra7+ Rd7 55. Ra8 R7d6 56. Ra7+ Ke6 57. Ra8 Kd7 58. Ra7+ Kc8 59. Ra4 Kc7 60. g4 fxg4 61. fxg4 Rh3 62. gxh5 gxh5 63. Kf2 Kd7 64. Kg2 Rhd3 65. Kf2 Ke6 66. Ke2 Rh3 67. Kf2 Kf5 68. Kg2 Rhd3 69. Kf2 R6d4 70. Rxd4 Rxd4 71. Ke3 Rd5 72. Ke2 a2 73. Ke3 Kg4 74. Ke4 Ra5 75. Rg1+ Kxh4 76. Kf4 Ra4+ 77. Kf3 a1=Q 0-1


[Site "https://www.chess.com"]

[Event "Titled Tuesday Blitz March 28 Late 2023"]
[White "Srinath, Rao S.V."]
[Black "Vlassov, Nikolai"]
[WhiteFideId "5028876"]
[BlackFideId "4103360"]
[WhiteElo "2196"]
[BlackElo "2324"]
[Result "1-0"]
[Round "11"]
[TimeControl "180+2"]
[Date "2023.03.28"]
[WhiteClock "0:01:10"]
[BlackClock "0:00:12"]

1. c4 e5 2. Nc3 c6 3. Nf3 Qc7 4. a3 f5 5. d3 Nf6 6. g3 d5 7. cxd5 cxd5 8. Bg2 Nc6 9. O-O e4 10. Bf4 Qb6 11. dxe4 fxe4 12. Ne5 Be6 13. Rc1 Be7 14. Na4 Qb5 15. Nxc6 bxc6 16. b4 a5 17. Nc5 Bg4 18. f3 Bh5 19. Ne6 Kf7 20. Nd4 Qb7 21. fxe4 axb4 22. e5 Rhe8 23. Rxc6 Ne4 24. Bxe4 dxe4 25. Qb3+ Kf8 26. Bh6+ 1-0


[Site "https://www.chess.com"]

[Event "Titled Tuesday Blitz March 28 Late 2023"]
[White "Mendez Fortes, Eduardo Jesus"]
[Black "Florescu, Codrut-Constantin"]
[WhiteFideId "3502376"]
[BlackFideId "1202200"]
[WhiteElo "2307"]
[BlackElo "2191"]
[Result "1-0"]
[Round "11"]
[TimeControl "180+2"]
[Date "2023.03.28"]
[WhiteClock "0:00:12"]
[BlackClock "0:00:18"]

1. e4 c5 2. Nf3 e6 3. d4 cxd4 4. Nxd4 a6 5. c4 Nf6 6. Nc3 Bb4 7. Qd3 O-O 8. Be2 d5 9. exd5 exd5 10. O-O Nc6 11. Nxc6 bxc6 12. cxd5 Nxd5 13. Nxd5 Qxd5 14. Qc2 Bf5 15. Qa4 c5 16. Bf3 Be4 17. Bxe4 Qxe4 18. a3 a5 19. Be3 h5 20. axb4 axb4 21. Qb3 Rac8 22. h3 h4 23. Rac1 Qf5 24. Qc4 Rfe8 25. Qxh4 Re4 26. Qg3 c4 27. Rfd1 c3 28. bxc3 bxc3 29. Qd6 c2 30. Rd2 Rec4 31. Re2 Qb5 32. Ree1 R4c6 33. Qd4 Rg6 34. Qe4 Rc4 35. Qd3 Qc6 36. g3 Rc3 37. Qd8+ Kh7 38. Qh4+ Kg8 39. Bd4 Rc4 40. Qd8+ Kh7 41. Be3 Qf3 42. Qd3 Qc6 43. Re2 Rc3 44. Rexc2 Rxc2 45. Rxc2 Qf3 46. Qe2 Qe4 47. Rc4 Qf5 48. Rc5 Qb1+ 49. Qf1 Qe4 50. Qc4 Qb1+ 51. Qc1 Qe4 52. Rh5+ Rh6 53. Bxh6 g6 54. Rh4 Qf5 55. Bg5+ Kg7 56. Qc3+ f6 57. Bxf6+ Kf7 58. Rh7+ Ke6 59. Re7+ Kd6 60. Qc7+ Kd5 61. Re5+ 1-0


[Site "https://www.chess.com"]

[Event "Titled Tuesday Blitz March 28 Late 2023"]
[White "Thomforde-Toates, Noah"]
[Black "Toniutti, Ezio"]
[WhiteFideId "30951992"]
[BlackFideId "113034"]
[WhiteElo "2665"]
[BlackElo "2215"]
[Result "0-1"]
[Round "11"]
[TimeControl "180+2"]
[Date "2023.03.28"]
[WhiteClock "0:00:03"]
[BlackClock "0:00:15"]

1. e4 e5 2. Nf3 Nc6 3. Bb5 a6 4. Bxc6 dxc6 5. O-O Bg4 6. h3 h5 7. d3 Qf6 8. Nbd2 g5 9. Re1 Be6 10. d4 g4 11. Nxe5 O-O-O 12. c3 gxh3 13. Qf3 hxg2 14. Qxf6 Nxf6 15. Kxg2 Bd6 16. Ndc4 Rdg8+ 17. Kh1 h4 18. Bd2 h3 19. Nxd6+ cxd6 20. Nd3 Rg2 21. b3 Bg4 22. Re3 Nxe4 23. Rxe4 Bf3 24. Rf4 Rg1+ 25. Kh2 Rg2+ 26. Kh1 Rxf2+ 27. Rxf3 Rxf3 28. Ne1 Rf1+ 29. Kh2 Rf2+ 30. Kg3 Rxd2 31. Nf3 Rd3 32. Kf4 h2 33. Rh1 Rxc3 34. Nxh2 Rc2 35. Kg3 Rxa2 36. b4 Rhxh2 37. Re1 Rag2+ 38. Kf4 Kc7 39. Re7+ Kb6 40. Rd7 Rf2+ 41. Ke3 Re2+ 42. Kd3 Rd2+ 43. Kc3 d5 44. Rxf7 Rc2+ 45. Kb3 Rc4 46. Ka4 Ra2+ 47. Kb3 Ra1 48. Kb2 Ra4 49. Rh7 Raxb4+ 50. Ka3 a5 51. Rh6 Rc3+ 52. Ka2 Rxd4 53. Rh2 Rcd3 54. Rh5 Ka6 55. Kb2 Rb4+ 56. Kc2 Rdd4 57. Kc3 Rdc4+ 58. Kd3 a4 59. Rh8 Rb3+ 60. Kd2 a3 61. Ra8+ Kb6 62. Kd1 Rb2 63. Rxa3 Rcb4 64. Kc1 d4 65. Rh3 c5 66. Rh6+ Kb5 67. Rh7 d3 68. Rh3 c4 69. Rh5+ Ka4 70. Rh8 Kb3 71. Rh3 Kc3 72. Kd1 Rd2+ 73. Kc1 Rc2+ 74. Kd1 Rb1# 0-1


[Site "https://www.chess.com"]

[Event "Titled Tuesday Blitz March 28 Late 2023"]
[White "Vovk, Orest"]
[Black "Cuenca Jimenez, Jose Fernando"]
[WhiteFideId "14113490"]
[BlackFideId "2255570"]
[WhiteElo "2215"]
[BlackElo "2429"]
[Result "0-1"]
[Round "11"]
[TimeControl "180+2"]
[Date "2023.03.28"]
[WhiteClock "0:00:06"]
[BlackClock "0:00:07"]

1. h4 e6 2. h5 c5 3. d4 cxd4 4. Qxd4 Nc6 5. Qh4 Qxh4 6. Rxh4 d5 7. Nf3 Be7 8. Rh1 h6 9. c3 e5 10. Nbd2 Nf6 11. e3 Bg4 12. Be2 O-O 13. Ng1 Be6 14. b3 d4 15. cxd4 exd4 16. Bb2 dxe3 17. fxe3 Nd5 18. Kf2 Nxe3 19. Kxe3 Bg5+ 20. Kf2 Bxd2 21. Nf3 Ba5 22. Bc4 Bb6+ 23. Kg3 Bxc4 24. bxc4 Rad8 25. Rh4 f6 26. Rg4 Rd3 27. Kh2 Kf7 28. Re1 Rdd8 29. Nh4 Bf2 30. Re2 Bxh4 31. Rxh4 Rfe8 32. Rf2 Re6 33. Ba3 Rd3 34. Bc1 Rd4 35. Rxd4 Nxd4 36. Rb2 b6 37. Bf4 Re4 38. Bb8 Nc6 39. Bd6 Rxc4 40. g3 Rd4 41. Bf4 Rd5 42. Rc2 Rxh5+ 43. Kg2 Rc5 44. Rd2 Ne5 45. Rd8 Rc7 46. Rd5 Re7 47. Rd8 Ke6 48. Ra8 g5 49. Bc1 Kf5 50. Ba3 Rd7 51. Rh8 Kg6 52. Rg8+ Kh7 53. Rf8 Ng4 54. Ra8 h5 55. Kf3 Rd3+ 56. Ke4 Rxa3 57. Kf5 Rf3+ 58. Ke6 Kg7 59. Rxa7+ Kg6 60. Ra8 Re3+ 61. Kd5 Re5+ 62. Kd6 Ra5 63. Rb8 Rxa2 64. Rxb6 Ra3 65. Ke7 Rxg3 66. Kf8 Re3 67. Rb7 h4 68. Rb4 Kh5 69. Rb7 Kg6 70. Rg7+ Kf5 71. Rb7 h3 72. Kg7 h2 73. Rb5+ Ne5 74. Rb1 Rh3 75. Rf1+ Kg4 76. Rh1 Nf3 77. Kxf6 Kg3 78. Kf5 Kg2 79. Rb1 h1=Q 80. Rb2+ Kg3 81. Rb3 Qd1 82. Rb5 Qd3+ 83. Kf6 Qxb5 0-1


[Site "https://www.chess.com"]

[Event "Titled Tuesday Blitz March 28 Late 2023"]
[White "Djokic, Mihailo"]
[Black "Vaglio Munoz, Jaime"]
[WhiteFideId "976440"]
[BlackFideId "6500145"]
[WhiteElo "2294"]
[BlackElo "2199"]
[Result "0-1"]
[Round "11"]
[TimeControl "180+2"]
[Date "2023.03.28"]
[WhiteClock "0:00:53"]
[BlackClock "0:00:13"]

1. e4 d6 2. d4 Nf6 3. Nc3 e5 4. Nf3 Nbd7 5. Bc4 Be7 6. O-O O-O 7. Re1 exd4 8. Nxd4 Ne5 9. Bf1 Re8 10. f4 Ng6 11. g3 Bf8 12. Bg2 a6 13. h3 c5 14. Nb3 Rb8 15. a4 b5 16. axb5 axb5 17. Kh2 b4 18. Nb1 Bb7 19. N1d2 Qc7 20. c4 bxc3 21. bxc3 h5 22. h4 Bc6 23. c4 Qd8 24. Rb1 Ng4+ 25. Kg1 Nxh4 26. gxh4 Qxh4 27. Nf3 Qf2+ 28. Kh1 Bxe4 29. Rb2 Bxf3 30. Rxf2 Bxd1 31. Rff1 Bxb3 32. Bd5 Rxe1 33. Rxe1 Nf2+ 34. Kg2 Nd3 35. Rh1 Nxc1 36. Rxc1 Ba4 37. f5 Bd7 38. f6 Be6 39. Bxe6 fxe6 40. Re1 Re8 41. fxg7 Bxg7 42. Kf3 Kf7 43. Ke4 Be5 44. Rh1 Rg8 45. Rf1+ Ke7 46. Rh1 Rg4+ 47. Kf3 Rxc4 48. Rxh5 Rc3+ 49. Ke4 Rc4+ 50. Kd3 Rd4+ 51. Ke3 Kd7 52. Rh8 Kc6 53. Rc8+ Kd5 54. Rb8 Rb4 55. Ra8 Rb3+ 56. Kd2 Rb1 57. Ra1 Rxa1 0-1


[Site "https://www.chess.com"]

[Event "Titled Tuesday Blitz March 28 Late 2023"]
[White "Piesik, Piotr"]
[Black "Gerbelli Neto, Eduardo"]
[WhiteFideId "1136194"]
[BlackFideId "2103281"]
[WhiteElo "2311"]
[BlackElo "2178"]
[Result "1/2-1/2"]
[Round "11"]
[TimeControl "180+2"]
[Date "2023.03.28"]
[WhiteClock "0:00:20"]
[BlackClock "0:00:12"]

1. Nf3 Nf6 2. g3 g6 3. Bg2 Bg7 4. O-O d5 5. d4 O-O 6. c4 c6 7. Nc3 dxc4 8. a4 Bf5 9. e3 Ne4 10. a5 Nxc3 11. bxc3 Bd3 12. Re1 Nd7 13. Nd2 e5 14. Qa4 exd4 15. cxd4 b5 16. axb6 Nxb6 17. Qxc6 Rc8 18. Qb5 Qc7 19. Ne4 Bxe4 20. Bxe4 Rfd8 21. Ba3 Qd7 22. Qxd7 Rxd7 23. Bb4 Bf8 24. Bxf8 Kxf8 25. Ra3 Rcc7 26. Kf1 Ke7 27. Ke2 Nd5 28. Bxd5 Rxd5 29. Rea1 Rdd7 30. Kd2 Rb7 31. Kc3 Rdc7 32. e4 f6 33. d5 Kd6 34. Ra6+ Rb6 35. Kd4 c3 36. Rxb6+ axb6 37. Rc1 c2 38. Kd3 Ke5 39. f4+ Kd6 40. Rxc2 Rxc2 41. Kxc2 Kc5 42. Kd3 b5 43. g4 h5 44. gxh5 gxh5 45. h4 f5 46. exf5 Kxd5 47. Kc3 Kd6 48. Kd4 Ke7 49. Kc5 Kf6 50. Kxb5 Kxf5 51. Kc4 Kxf4 52. Kd3 Kg4 53. Ke2 Kxh4 54. Kf1 Kh3 55. Kg1 Kg3 56. Kh1 h4 57. Kg1 h3 58. Kh1 h2 1/2-1/2


[Site "https://www.chess.com"]

[Event "Titled Tuesday Blitz March 28 Late 2023"]
[White "Vafin, Ayrat"]
[Black "Di Berardino, Diego Rafael"]
[WhiteFideId "4146530"]
[BlackFideId "2105446"]
[WhiteElo "2317"]
[BlackElo "2432"]
[Result "0-1"]
[Round "11"]
[TimeControl "180+2"]
[Date "2023.03.28"]
[WhiteClock "0:00:02"]
[BlackClock "0:00:06"]

1. Nf3 c5 2. g3 Nc6 3. d4 cxd4 4. Nxd4 g6 5. Bg2 Bg7 6. Nxc6 bxc6 7. c4 Nf6 8. Nc3 O-O 9. O-O Rb8 10. b3 Bb7 11. Bb2 d5 12. cxd5 cxd5 13. e3 Qa5 14. Qd2 Rfd8 15. Rfd1 Qa6 16. Na4 Qd6 17. Rac1 Rbc8 18. Bd4 Rxc1 19. Rxc1 Ne4 20. Qb2 e5 21. Bxa7 d4 22. Bb6 Re8 23. Rd1 Bc6 24. exd4 exd4 25. Bxd4 Rd8 26. Qc2 Bxd4 27. Bxe4 Bxe4 28. Qxe4 Bxf2+ 29. Kxf2 Qxd1 30. Nc3 Rd2+ 31. Ne2 Qc2 32. Qe8+ Kg7 33. Qe5+ Kf8 34. Qh8+ Ke7 35. Qe5+ Kd7 36. Qb5+ Qc6 37. Qxc6+ Kxc6 38. a4 Rb2 39. Ke1 Kc5 40. Nc1 Kd4 41. Kd1 Ke3 0-1


[Site "https://www.chess.com"]

[Event "Titled Tuesday Blitz March 28 Late 2023"]
[White "Cori T., Deysi"]
[Black "Baskakov, Egor"]
[WhiteFideId "3801934"]
[BlackFideId "24197866"]
[WhiteElo "2292"]
[BlackElo "2212"]
[Result "0-1"]
[Round "11"]
[TimeControl "180+2"]
[Date "2023.03.28"]
[WhiteClock "0:00:06"]
[BlackClock "0:00:38"]

1. Nf3 Nf6 2. d4 e6 3. e3 d5 4. Nbd2 Bd6 5. Bd3 O-O 6. O-O c5 7. dxc5 Bxc5 8. c4 Nc6 9. a3 e5 10. cxd5 Qxd5 11. Qc2 Bb6 12. Ne4 Ng4 13. Nc3 Qe6 14. Bxh7+ Kh8 15. Be4 f5 16. Bd5 Qg6 17. Ne2 e4 18. Nh4 Qd6 19. Nf4 Nce5 20. Rd1 Qf6 21. g3 g5 22. h3 gxf4 23. hxg4 fxg3 24. Qc3 gxf2+ 25. Kg2 Kg7 26. Kf1 Nxg4 27. Bd2 Bd7 28. Qxf6+ Kxf6 29. Bc3+ Kg5 30. Ng2 Bb5+ 0-1


[Site "https://www.chess.com"]

[Event "Titled Tuesday Blitz March 28 Late 2023"]
[White "Gokerkan, Cem Kaan"]
[Black "Jocev, Milan"]
[WhiteFideId "6336760"]
[BlackFideId "900680"]
[WhiteElo "2365"]
[BlackElo "2323"]
[Result "0-1"]
[Round "11"]
[TimeControl "180+2"]
[Date "2023.03.28"]
[WhiteClock "0:00:13"]
[BlackClock "0:01:08"]

1. e4 c6 2. d4 d5 3. e5 Bf5 4. Nd2 e6 5. Nb3 a5 6. a4 h5 7. Nf3 h4 8. h3 Be7 9. Bd3 Bxd3 10. Qxd3 Nd7 11. O-O Nb6 12. Bf4 Nc4 13. Rab1 Nh6 14. Bxh6 Rxh6 15. Nbd2 Nb6 16. b3 Kf8 17. Nh2 Kg8 18. Ng4 Rh5 19. f4 g6 20. Nf3 Ra7 21. Rbd1 Na8 22. Ne3 Nc7 23. c4 Ra6 24. Rc1 Rb6 25. c5 Ra6 26. Rc2 Ra8 27. Rb1 Na6 28. Rf2 b6 29. cxb6 Qxb6 30. Kh2 Nb4 31. Qe2 c5 32. Rd1 Rc8 33. Ng4 c4 34. bxc4 dxc4 35. Rc1 c3 36. Qe4 Rf5 37. Ne3 Qc7 38. Nxf5 gxf5 39. Qe2 Qc4 40. Qe1 Nd3 41. Qf1 Nxc1 42. Qxc1 c2 43. Ne1 Qxd4 44. Rxc2 Rxc2 45. Nxc2 Qxa4 46. Qb2 Qxf4+ 47. Kh1 Qf1+ 48. Kh2 Bc5 49. Nd4 Qf4+ 0-1


[Site "https://www.chess.com"]

[Event "Titled Tuesday Blitz March 28 Late 2023"]
[White "Janaszak, Dawid"]
[Black "Aradhya, Garg"]
[WhiteFideId "1119206"]
[BlackFideId "25006746"]
[WhiteElo "2220"]
[BlackElo "2263"]
[Result "1-0"]
[Round "11"]
[TimeControl "180+2"]
[Date "2023.03.28"]
[WhiteClock "0:00:42"]
[BlackClock "0:01:27"]

1. e4 e5 2. Nf3 Nc6 3. d4 exd4 4. Nxd4 Nf6 5. Nxc6 dxc6 6. Qxd8+ Kxd8 7. f3 Be6 8. Be3 Kc8 9. Nd2 Nd7 10. Bc4 Bxc4 11. Nxc4 Be7 12. O-O-O Rd8 13. Bd4 f6 14. e5 c5 15. exf6 Nxf6 16. Bc3 b6 17. Rhe1 Rxd1+ 18. Kxd1 Kd8 19. Ne5 Bd6 20. Nf7+ Kd7 21. Bxf6 gxf6 22. g3 Rf8 23. Nxd6 cxd6 24. Re4 Rf7 25. Kd2 d5 26. Rh4 Kc6 27. c3 b5 28. a4 a6 29. Rf4 bxa4 30. Rxa4 Kb5 31. Rf4 a5 32. g4 h6 33. h4 a4 34. g5 hxg5 35. hxg5 f5 36. Rh4 f4 37. g6 Rg7 38. Rg4 Kc4 39. Rxf4+ Kb3 40. Rf6 Kxb2 41. Rb6+ Ka1 42. f4 a3 43. f5 a2 44. Kc2 Re7 45. f6 Re2+ 46. Kd3 Rb2 47. Ra6 Rf2 48. g7 Rg2 49. f7 1-0


[Site "https://www.chess.com"]